Map: Interloper LE

Players

TYTY (TY) - Winner!

  • Race: Terran Terran
  • Spawn Location: 5:00

Stats

  • Race: Protoss Protoss
  • Spawn Location: 11:00

Event: 2017 WCS Global Finals

VOD

Have the link to the VOD?

Description

Time

  • Played on: Oct. 29, 2017, 3:12 p.m.
  • Length: 10:57

All games in this series

Show
View Real Time Build Order
Export as new Build Order

TYTY Terran - Winner!

Build Orders: Cyclone Opening, Gas First Reaper Expand, Reaper Expand, MMM Bio 

Get SALT Encoding   

  12  0:00  SCV  
  13  0:12  SCV  
  14  0:17  Supply Depot  
  14  0:24  SCV  
  15  0:29  Refinery  
  15  0:38  SCV  
  16  0:44  Barracks  
  16  0:50  SCV  
  17  1:02  SCV  
  18  1:15  SCV  
  19  1:31  Orbital Command  
  19  1:32  Reaper  
  20  1:43  Command Center  
  20  1:54  Factory  
  20  1:57  SCV  
  21  2:05  Supply Depot  
  21  2:07  Barracks Reactor  
  21  2:11  SCV  
  22  2:22  Barracks  
  22  2:23  SCV  
  23  2:35  SCV  
  24  2:38  Refinery  
  24  2:44  Cyclone  
  24  2:45  Marine x2  
  24  2:48  SCV  
  30  2:55  Orbital Command  
  30  3:00  SCV  
  30  3:03  Marine x2  
  33  3:11  Barracks Tech Lab  
  33  3:12  SCV  
  34  3:22  Marine x2  
  34  3:24  SCV  
  37  3:30  Stimpack, Marine  
  37  3:32  SCV  
  39  3:36  SCV  
  39  3:37  Starport  
  40  3:44  Supply Depot, SCV  
  40  3:45  Marine x2  
  40  3:47  Factory Reactor  
  43  3:49  Marine  
  43  3:50  SCV  
  45  3:58  SCV  
  45  4:02  SCV  
  46  4:05  Marine x2  
  46  4:08  Supply Depot  
  48  4:10  SCV  
  48  4:12  Refinery  
  48  4:14  SCV  
  50  4:19  Marine  
  50  4:22  SCV  
  50  4:23  Marine  
  53  4:26  SCV  
  53  4:29  Medivac x2  
  58  4:31  Supply Depot  
  58  4:33  Supply Depot, Marine  
  58  4:34  SCV  
  62  4:38  Marine  
  62  4:40  Engineering Bay  
  62  4:41  SCV  
  62  4:44  Factory Tech Lab  
  62  4:52  Marine  
  62  4:53  SCV x2  
  62  4:56  Supply Depot  
  65  5:00  Marine x2  
  65  5:05  SCV  
  65  5:06  Siege Tank  
  71  5:09  Supply Depot  
  71  5:10  Viking, Barracks  
  72  5:15  Terran Infantry Weapons Level 1  
  72  5:20  Missile Turret, SCV  
  73  5:21  SCV  
  73  5:22  Marine  
  73  5:25  Marine  
  76  5:31  Supply Depot  
  76  5:32  SCV  
  76  5:33  SCV  
  78  5:38  Siege Tank  
  78  5:41  Combat Shields, Marine x2  
  72  5:44  SCV  
  72  5:45  SCV  
  72  5:47  Refinery  
  72  5:49  Marine  
  75  5:52  Starport Reactor  
  75  5:56  SCV  
  76  5:57  SCV  
  76  5:59  Marine  
  76  6:00  Marine x2  
  76  6:01  Marine  
  81  6:08  SCV  
  78  6:12  Siege Tank  
  78  6:15  Marine  
  78  6:17  Engineering Bay, Marine  
  78  6:18  Marine x2  
  77  6:20  SCV x2  
  81  6:25  Missile Turret  
  81  6:30  Marine  
  81  6:31  Medivac x2  
  81  6:32  SCV, Marine  
  78  6:35  Marine  
  78  6:36  Marine  
  67  6:42  Marine  
  67  6:46  Siege Tank  
  70  6:50  Marine  
  70  6:52  SCV, Marine  
  74  6:55  SCV  
  74  6:56  Marine  
  74  6:58  Marauder  
  74  7:00  Marine  
  78  7:08  Medivac, Marine  
  80  7:09  SCV x2  
  80  7:11  Marine  
  85  7:15  Medivac  
  85  7:19  Missile Turret, Marine  
  89  7:26  Marine  
  89  7:28  Marine  
  89  7:34  Widow Mine x2  
  89  7:36  Marine x2  
  97  7:45  Marine  
  97  7:46  Marine  
  97  7:49  Command Center  
  97  7:50  Supply Depot  
  97  7:52  Medivac x2  
  101  8:02  Marauder x2, Widow Mine  
  101  8:03  Widow Mine  
  109  8:06  Marine  
  109  8:10  Supply Depot  
  109  8:11  Marine  
  109  8:12  Supply Depot  
  111  8:16  SCV x2  
  112  8:20  Liberator  
  112  8:23  Marine x2  
  114  8:28  Supply Depot  
  114  8:31  Widow Mine x2  
  114  8:33  Marine x2  
  124  8:42  Marine  
  60  9:19  Orbital Command  
  39  10:16  SCV  
  26  10:28  SCV  
  24  10:40  SCV  
Show
View Real Time Build Order
Export as new Build Order

Stats Protoss 

Build Orders: 1 Gate Expand, Blink Stalkers 

Get SALT Encoding   

  12  0:00  Probe (Chrono Boost)  
  13  0:11  Probe (Chrono Boost)  
  14  0:18  Pylon  
  14  0:21  Probe (Chrono Boost)  
  15  0:36  Gateway, Probe (Chrono Boost)  
  15  0:41  Assimilator  
  16  0:47  Probe (Chrono Boost)  
  17  0:58  Probe (Chrono Boost)  
  18  1:08  Probe (Chrono Boost)  
  19  1:18  Nexus  
  19  1:29  Cybernetics Core  
  19  1:32  Probe (Chrono Boost)  
  20  1:38  Assimilator  
  20  1:42  Probe (Chrono Boost)  
  21  1:50  Pylon  
  21  1:53  Probe (Chrono Boost)  
  22  2:03  Probe (Chrono Boost)  
  22  2:05  Warp Gate  
  22  2:08  Adept (Chrono Boost)  
  25  2:15  Probe  
  26  2:27  Probe  
  26  2:29  Probe  
  27  2:32  Adept (Chrono Boost)  
  30  2:37  Robotics Facility  
  30  2:39  Probe  
  30  2:44  Pylon  
  31  2:46  Probe  
  32  2:51  Probe  
  32  2:56  Probe  
  34  3:02  Twilight Council  
  34  3:04  Probe (Chrono Boost)  
  35  3:08  Probe (Chrono Boost)  
  36  3:15  Probe (Chrono Boost)  
  36  3:19  Probe (Chrono Boost)  
  38  3:21  Gateway  
  38  3:23  Gateway  
  38  3:25  Observer (Chrono Boost)  
  38  3:26  Probe (Chrono Boost)  
  40  3:30  Probe (Chrono Boost)  
  41  3:41  Immortal (Chrono Boost)  
  41  3:44  Blink (Chrono Boost)  
  45  3:49  Pylon  
  45  3:50  Probe  
  45  3:51  Probe  
  47  4:03  Probe x2  
  47  4:07  Assimilator  
  49  4:10  Assimilator  
  49  4:15  Stalker, Probe x2  
  49  4:16  Stalker  
  55  4:17  Stalker  
  55  4:19  Warp Prism  
  57  4:29  Pylon  
  59  4:32  Probe x2  
  61  4:42  Pylon  
  61  4:47  Stalker x3  
  67  4:55  Observer  
  68  5:09  Probe x2, Pylon  
  68  5:11  Stalker x3  
  76  5:20  Pylon  
  76  5:25  Forge, Pylon  
  76  5:34  Stalker x3  
  77  5:44  Immortal  
  77  5:45  Pylon  
  81  5:57  Sentry x3  
  81  6:00  Probe x2, Protoss Ground Weapons Level 1 (Chrono Boost)  
  88  6:19  Probe x2  
  90  6:25  Stalker x3  
  86  6:33  Immortal  
  86  6:36  Probe x2  
  84  6:44  Nexus  
  84  6:45  Resonating Glaives, Pylon  
  84  6:53  Adept x3  
  90  6:58  Gateway  
  90  7:06  Gateway x2  
  90  7:08  Immortal  
  94  7:24  Adept x2  
  94  7:25  Adept  
  94  7:29  Probe  
  102  7:31  Mothership Core  
  103  7:46  Adept x3  
  109  7:56  Pylon  
  109  7:58  Pylon  
  109  7:59  Pylon  
  109  8:03  Adept x3, Probe  
  109  8:04  Probe  
  109  8:05  Probe  
  118  8:08  Pylon  
  118  8:14  Adept x3  
  124  8:26  Adept x3  
  130  8:36  Adept x3  
  101  9:15  Nexus  
  101  9:18  Pylon  
  101  9:19  Pylon  
  101  9:21  Pylon  
  101  9:22  Pylon  
Tags
 
Add a new tag
Caveats
  • Supply blocks, unpowered buildings, or Contaminate may cause inaccurate times.
  • Supply counts are checked every 10 seconds.